 Dungeon Crawl Stone Soup version 0.27.0-1-g7a089689b8 (webtiles) character file.

Game seed: 18091506427423386675

9 Sobieck the Sneak (level 2, 0/14 HPs)
             Began as a Felid Delver on Aug 11, 2021.
             Slain by a centaur (4 damage)
             ... on level 6 of the Dungeon.
             The game lasted 00:00:43 (126 turns).

Sobieck the Sneak (Felid Delver)                     Turns: 126, Time: 00:00:43

Health: 0/14       AC:  1    Str:  8    XL:     2   Next: 3%
Magic:  3/3        EV: 18    Int: 11    God:
Gold:   19         SH:  0    Dex: 17    Spells: 1/1 levels left
                                        Lives:  0   Deaths: 0

rFire    + . .     SeeInvis +     - Unarmed
rCold    . . .     Faith    .   (shield unavailable)
rNeg     . . .     Spirit   .   (armour unavailable)
rPois    .         Reflect  .   (helmet unavailable)
rElec    .         Harm     .   (cloak unavailable)
rCorr    .         Rampage  .   (gloves unavailable)
Will     .....                  (boots unavailable)
Stlth    ++++......             (no amulet)
HPRegen  0.04/turn              g - ring of protection from fire
MPRegen  0.08/turn              (no ring)

@: quick
A: very small, claws 1, fangs 3, see invisible, speed 1, shaggy fur 1, stealthy
paws, no weapons or thrown items, no armour, multi-lived
a: no special abilities


You were on level 6 of the Dungeon.
You visited 1 branch of the dungeon, and saw 2 of its levels.

You collected 19 gold pieces.


Innate Abilities, Weirdness & Mutations

You have sharp claws.
You have razor-sharp teeth.
You have supernaturally acute eyesight. (SInv)
You cover ground quickly. (Speed+)
You are covered in fur. (AC +1)
Your paws help you pounce on unaware monsters.
You are incapable of wielding weapons or throwing items.
You cannot wear armour.
You gain extra lives every three experience levels.


   Skills:
 - Level 3.1 Fighting
 - Level 3.0 Dodging
 + Level 6.7 Stealth
 * Level 2.2 Unarmed Combat


You had one spell level left.
You didn't know any spells.
Your spell library was empty.

Inventory:

Jewellery
 g - a ring of protection from fire (left paw)
   (You found it on level 6 of the Dungeon)
Wands
 e - a wand of digging (3)
Scrolls
 a - a scroll of fog
 b - a scroll of magic mapping {!r}
 c - a scroll of fear
Potions
 d - a potion of haste {@q3}
 f - a potion of curing {unknown}
 h - a potion of heal wounds {unknown}

Dungeon Overview and Level Annotations

Branches:
Dungeon (6/15)
 Temple: D:4-7

Altars:

### ..# #$#
#.#
####.####
#..c@<..#
#.##..>...?#
#.#.....#
#...###.#
#.#.# #
....# #.#..
#....


You could see a centaur.


Message History

🤖 Initializing magus.rc ... ✅ Successfully initialized magus_sobieck.rc [v0.0.2] Welcome, Sobieck the Felid Delver.
The bosom of this dungeon contains the fabled artefact, the Orb of Zot.
Press ? for a list of commands and other information.
Found a runed scarf.
Found a stone staircase leading down.
Your library has no spells.
Unknown command.
Okay, then.
Unknown command.
You can't wear anything.
Unknown command.
Unknown command.
Okay, then.
Unknown command.
Okay, then.
You climb downwards.
There is a stone staircase leading up here.
Unknown command.
f - a yellow potion Unknown command.
You now have 19 gold pieces.
Found an escape hatch in the floor.
Unknown command.
An adder comes into view.
Danger!
The helpless adder fails to defend itself.
You mangle the adder!!
You kill the adder!
Your Dodging skill increases to level 3!
You have reached level 2!
Unknown command.
Unknown command.
You see here an adder corpse.
g - a ring of protection from fire Unknown command.
g - a ring of protection from fire (left paw)
You see here a +0 quarterstaff {staff}.
You see here a +0 war axe {axe}.
You see here a +0 war axe {axe}.
h - a dark potion Unknown command.
Found a stone staircase leading up.
Unknown command.
(D) Dungeon
Where to? (? - help)
There is a stone staircase leading up here.
You climb upwards.
Found a leather armour.
Found a stone staircase leading down.
There is a stone staircase leading down here.
Unknown command.
There is a stone staircase leading down here.
You climb downwards.
A centaur comes into view.
The centaur wields a +0 shortbow.
The centaur shoots an arrow.
The arrow hits you!
Ouch! That really hurt!
* * * LOW HITPOINT WARNING * * *
Found a scroll labelled RIORHI ULOMA and 12 gold pieces.
Found a stone staircase leading down.
There is a stone staircase leading up here.
Danger!
The centaur unwields a +0 shortbow.
The centaur closely misses you. The centaur barely misses you.
Unknown command.
You scratch the centaur. The centaur barely misses you. The centaur kicks you.
* * * LOW HITPOINT WARNING * * *
The centaur closely misses you. The centaur barely misses you.
You scratch the centaur. The centaur closely misses you.
The centaur misses you.
Unknown command.
You scratch the centaur. Your bite misses the centaur.
The centaur barely misses you. x2; The centaur misses you. x2
You scratch the centaur. The centaur closely misses you. x2
You barely miss the centaur. The centaur misses you. The centaur kicks you.
* * * LOW HITPOINT WARNING * * *
The centaur misses you. x2
Unknown command.
You scratch the centaur. You bite the centaur.
The centaur completely misses you. The centaur misses you.
You scratch the centaur but do no damage.
The centaur misses you. The centaur kicks you.
* * * LOW HITPOINT WARNING * * *
The centaur misses you. The centaur kicks you.
* * * LOW HITPOINT WARNING * * *
Unknown command.
You scratch the centaur. The centaur hits you.
You die...

Skill      XL: |  1 |
---------------+----+-----
Dodging        | 3 |  3.0
Fighting       | |  3.1
Stealth        | |  6.7
Unarmed Combat | |  2.2

Action                   || total
-------------------------++-------
Melee: Unarmed           ||     9
       Bite              ||     1
 Stab: Sleeping          ||     1
Dodge: Dodged            ||    20

Levels and vault maps discovered:
D:5:      layout_basic
D:6:      layout_loops_cross

Notes
Turn   | Place    | Note
-------+----------+-------------------------------------------
     0 | D:5      | Sobieck the Felid Delver began the quest for the Orb.
     0 | D:5      | Reached XP level 1. HP: 10/10 MP: 2/2
    33 | D:6      | Reached skill level 3 in Dodging
    33 | D:6      | Reached XP level 2. HP: 14/14 MP: 3/3
   117 | D:6      | Noticed a centaur
   126 | D:6      | Slain by a centaur

Vanquished Creatures
  An adder (D:6)
1 creature vanquished.

Table legend:
 A = Non-vault XP
 B = Vault XP
 C = Vault XP percentage of total XP
 D = Non-vault monster count
 E = Vault monster count
 F = Vault count percentage of total count
                 A         B        C        D         E       F
            +---------+---------+-------+---------+---------+-------
      Total |      13 |       0 |   0.0 |       1 |       0 |   0.0
            +---------+---------+-------+---------+---------+-------
        D:6 |      13 |       0 |   0.0 |       1 |       0 |   0.0
            +---------+---------+-------+---------+---------+-------

Illustrated notes

Table legend:
 A = Kills in this place as a percentage of kills in entire the game.
 B = Kills by you in this place as a percentage of kills by you in the entire game.
 C = Kills by friends in this place as a percentage of kills by friends in the entire game.
 D = Other kills in this place as a percentage of other kills in the entire game.
 E = Experience gained in this place as a percentage of experience gained in the entire game.
 F = Experience gained in this place divided by the number of levels of this place that you have seen.
                   A       B       C       D       E      F
               +-------+-------+-------+-------+-------+----------------------
         Total | 100.0 | 100.0 |   N/A |   N/A | 100.0 |   6.5
       Dungeon | 100.0 | 100.0 |   N/A |   N/A | 100.0 |   6.5
               +-------+-------+-------+-------+-------+----------------------

Table legend: (Time is in decaauts)
 A = Elapsed time spent in this place.
 B = Non-inter-level travel time spent in this place.
 C = Inter-level travel time spent in this place.
 D = Time resting spent in this place.
 E = Time spent auto-exploring this place.
 F = Levels seen in this place.
 G = Mean time per level.
                   A        B        C        D        E       F      G
               +--------+--------+--------+--------+--------+-----+--------+
         Total |    104 |     97 |      7 |      0 |     73 |   2 |   52.0 |
       Dungeon |    104 |     97 |      7 |      0 |     73 |   2 |   52.0 |
               +--------+--------+--------+--------+--------+-----+--------+

Top non-repeatable levels by time:
     D:6: 97 daAuts
     D:5: 6 daAuts
